 Dungeon Crawl Stone Soup version 0.27-a0-448-gace5c5693b (console) character file.

Game seed: 16992185298210627591

1259 jejorda2 the Chiller (level 8, -4/61 HPs)
             Began as a Merfolk Ice Elementalist on Feb 27, 2021.
             Was an Initiate of Ashenzari.
             Slain by a wraith (12 damage)
             ... in an ossuary.
             The game lasted 00:16:51 (6422 turns).

jejorda2 the Chiller (Merfolk Ice Elementalist)     Turns: 6422, Time: 00:16:51

Health: -4/61      AC:  5    Str:  9    XL:     8   Next: 51%
Magic:  15/15      EV: 16    Int: 16    God:    Ashenzari [......]
Gold:   360        SH:  0    Dex: 14    Spells: 8/16 levels left

rFire    . . .     SeeInvis .   a - +1 trident
rCold    . . .     Faith    .   (no shield)
rNeg     . . .     Spirit   .   g - +1 leather armour
rPois    .         Reflect  .   (no helmet)
rElec    .         Harm     .   u - +0 cloak
rCorr    .         Rampage  .   (no gloves)
Will     .....                  (no boots)
Stlth    ++........             (no amulet)
HPRegen  0.20/turn              i - +4 ring of evasion
MPRegen  0.14/turn              (no ring)

@: slowed, very slow
A: change form in water, swift swim, stealthy swim
a: Renounce Religion, Curse Item


You were in an ossuary.
You worshipped Ashenzari.
Ashenzari was noncommittal.
You visited 1 branch of the dungeon, and saw 6 of its levels.
You also visited: Ossuary.

You collected 360 gold pieces.

Inventory:

Hand Weapons
 a - a +1 trident (weapon)
Missiles
 d - 257 stones
 q - 6 javelins
 r - 5 poisoned darts (quivered)
Armour
 g - a +1 leather armour (worn)
 u - a +0 cloak (worn)
Jewellery
 i - a +4 ring of evasion (left hand)
Wands
 h - a wand of random effects (35)
 v - a wand of flame (9)
 w - a wand of charming (9)
Scrolls
 b - a scroll of magic mapping
 c - 4 scrolls of teleportation
 l - a scroll of fear
 n - 2 scrolls of fog
 s - a scroll of amnesia
Potions
 e - a potion of resistance
 f - 4 potions of lignification
 k - 3 potions of curing
 m - 2 potions of attraction
 o - a potion of invisibility
 p - a potion of magic
 t - a potion of cancellation
 x - 3 potions of heal wounds


   Skills:
 + Level 4.9 Fighting
 + Level 5.9 Polearms
 - Level 2.6 Dodging
 - Level 2.1 Stealth
 + Level 4.7 Spellcasting
 + Level 3.4 Summonings
 + Level 6.8 Ice Magic


You had 8 spell levels left.
You knew the following spells:

 Your Spells              Type           Power        Failure   Level
a - Freeze                Ice            100%         1%          1
b - Frozen Ramparts       Ice            50%          4%          3
c - Summon Ice Beast      Ice/Summ       20%          26%         4

Your spell library contained the following spells:

 Spells                   Type           Power        Failure   Level
 Ozocubu's Armour         Ice            25%          4%          3
 Hailstorm                Conj/Ice       14%          47%         4


Dungeon Overview and Level Annotations

Branches:
Dungeon (6/15)            Ossuary (1/1)
 Temple: D:4-7

Altars:
Ashenzari
Dithmenos
Fedhas
Hepliaklqana
Nemelex Xobeh
Okawaru
Ru
Xom
The Shining One


Message History

The wraith is severely damaged.
The wraith hits you.
* * * LOW HITPOINT WARNING * * *
The wraith drains your vigour!
You feel as though you will be slow longer.
The wraith hits you.
* * * LOW HITPOINT WARNING * * *
The wraith drains your vigour!
You feel as though you will be slow longer.
You hit the wraith.
The wraith is severely damaged.
The wraith misses you.
You barely miss the wraith.
The wraith is severely damaged.
The wraith closely misses you. The wraith hits you but does no damage.
Aiming: Throw Flame
Press: ? - help, Shift-Dir - straight line, f - wraith
Aim: a wraith (severely damaged, 32% to evade)
The puff of flame hits the wraith.
The wraith is almost destroyed.
The wraith hits you but does no damage.
Aiming: Throw Flame
Press: ? - help, Shift-Dir - straight line, f/p - wraith
Aim: a wraith (almost destroyed, 32% to evade)
The puff of flame hits the wraith but does no damage.
The wraith is almost destroyed.
The wraith hits you but does no damage. The wraith misses you.
Aiming: Throw Flame
Press: ? - help, Shift-Dir - straight line, f/p - wraith
Aim: a wraith (almost destroyed, 32% to evade)
The puff of flame misses the wraith.
The wraith hits you!
* * * LOW HITPOINT WARNING * * *
The wraith drains your vigour!
You feel as though you will be slow longer.
Aiming: Throw Flame
Press: ? - help, Shift-Dir - straight line, f/p - wraith
Aim: a wraith (almost destroyed, 32% to evade)
The puff of flame misses the wraith.
The wraith closely misses you. The wraith hits you!
You die...

#...............#
##.###..?....###.#
.'.# #.......#z#.#
##.###.......###.#
#...............#
#.###..###..###.#
#.# #..# #..#.#.#
#.+ #..###..##W.#
#.. ...........@#
#################


You could see a wraith.

Vanquished Creatures
  A wraith (Ossuary)
  A sky beast (D:5)
  A centaur (D:5)
  2 phantoms
  A bullfrog (D:6)
  A scorpion (D:4)
  2 wights (Ossuary)
  3 howler monkeys
  A centaur zombie (Ossuary)
  An orc priest (D:4)
  A bullfrog skeleton (D:6)
  2 hounds
  A centaur skeleton (D:6)
  Crazy Yiuf (D:5)
  Jessica (D:2)
  3 orc wizards (D:4)
  A killer bee zombie (D:4)
  7 adders
  2 oozes
  An adder zombie (Ossuary)
  A worm (D:3)
  3 dart slugs
  A leopard gecko (D:2)
  8 orcs
  2 giant cockroaches (D:2)
  2 hobgoblins (D:3)
  11 jackals
  A quokka (D:2)
  2 ball python skeletons (Ossuary)
  8 bats
  4 frilled lizards
  7 goblins
  A hobgoblin zombie (Ossuary)
  2 kobolds
  A kobold zombie (Ossuary)
  An orc skeleton (Ossuary)
  An orc zombie (Ossuary)
  A quokka skeleton (D:4)
  3 rats
94 creatures vanquished.

Notes
Turn   | Place    | Note
-------+----------+-------------------------------------------
     0 | D:1      | jejorda2 the Merfolk Ice Elementalist began the quest for
                  | the Orb.
     0 | D:1      | Reached XP level 1. HP: 13/13 MP: 3/3
   271 | D:1      | Reached XP level 2. HP: 20/20 MP: 3/5
   335 | D:1      | Reached skill level 1 in Fighting
   727 | D:1      | Reached XP level 3. HP: 26/26 MP: 4/6
  1589 | D:2      | Found a shimmering altar of Xom.
  1618 | D:2      | Noticed Jessica
  1625 | D:2      | Killed Jessica
  1626 | D:2      | Reached skill level 1 in Polearms
  1626 | D:2      | Reached skill level 5 in Ice Magic
  1626 | D:2      | Reached XP level 4. HP: 27/33 MP: 2/8
  2218 | D:3      | Found a broken altar of Ashenzari.
  2655 | D:3      | Reached XP level 5. HP: 37/39 MP: 6/9
  2962 | D:4      | Learned a level 3 spell: Frozen Ramparts
  2967 | D:4      | Learned a level 4 spell: Summon Ice Beast
  3098 | D:4      | Reached XP level 6. HP: 42/47 MP: 7/11
  3562 | D:4      | Found a broken altar of Ashenzari.
  3564 | D:4      | Found a hazy altar of Hepliaklqana.
  3570 | D:4      | Became a worshipper of Ashenzari the Shackled
  3581 | D:4      | Found a sacrificial altar of Ru.
  3597 | D:4      | Found an iron altar of Okawaru.
  3603 | D:4      | Found a sparkling altar of Nemelex Xobeh.
  3647 | D:4      | Reached skill level 1 in Summonings
  3949 | D:4      | Reached XP level 7. HP: 45/52 MP: 8/12
  4257 | D:5      | Entered Level 5 of the Dungeon
  4303 | D:5      | Reached skill level 6 in Ice Magic
  4942 | D:5      | Found a blossoming altar of Fedhas.
  4942 | D:5      | Found a shadowy altar of Dithmenos.
  4942 | D:5      | Found a glowing golden altar of the Shining One.
  5347 | D:5      | Found a runed translucent door.
  5348 | D:5      | Noticed Crazy Yiuf
  5354 | D:5      | Killed Crazy Yiuf
  5606 | D:6      | Reached skill level 5 in Polearms
  5606 | D:6      | Reached XP level 8. HP: 45/61 MP: 10/14
  5728 | D:6      | Found a sand-covered staircase.
  5734 | Ossuary  | Entered an ossuary
  6159 | Ossuary  | Noticed a flying skull
  6159 | Ossuary  | Noticed a wraith
  6192 | Ossuary  | Noticed a flying skull
  6200 | Ossuary  | Noticed a wraith
  6210 | Ossuary  | Killed a wraith
  6395 | Ossuary  | Noticed a wraith
  6422 | Ossuary  | Slain by a wraith

Illustrated notes

Levels and vault maps discovered:
D:1:      lemuel_arrival_hallway, layout_basic
D:2:      layout_loops_cross, old_standard_altar, minmay_pentomino_w4,
          uniq_jessica
D:3:      layout_loops_ring, lemuel_statue_altar
D:4:      layout_loops_ring, minmay_overflow_temple_star_hex, nrook_campfire
D:5:      layout_loops_ring, gammafunk_temple_overflow_claw,
          uniq_crazy_yiuf_cottage
D:6:      layout_layer_cave, nicolae_ossuary_entry_plus,
          ebering_ghost_reflecting_pool
Ossuary:  ossuary_due_cavern

Skill      XL: |  1  2  3  4  5  6  7  8 |
---------------+-------------------------+-----
Fighting       | 1 2 3 4 |  4.9
Polearms       | 1 2 3 5 |  5.9
Ice Magic      | 5 6 |  6.8
Spellcasting   | 3 4 |  4.7
Summonings     | 1 2 3 |  3.4
Dodging        | |  2.6
Stealth        | |  2.1

Action                   |  1- 3 |  4- 6 |  7- 9 || total
-------------------------+-------+-------+-------++-------
Melee: Hand axe          |    19 |       |       ||    19
       War axe           |     3 |     8 |       ||    11
       Trident           |       |    74 |   173 ||   247
Throw: Stone             |     5 |       |       ||     5
       Dart              |       |    11 |       ||    11
 Cast: Freeze            |    46 |    24 |     7 ||    77
       Frozen Ramparts   |       |     3 |     9 ||    12
Evoke: Wand              |       |       |     4 ||     4
  Use: Scroll            |       |     4 |       ||     4
       Potion            |       |       |     2 ||     2
 Stab: Sleeping          |     2 |     2 |     2 ||     6
Armor: Robe              |     8 |     2 |       ||    10
       Leather armour    |       |     8 |    30 ||    38
Dodge: Dodged            |    38 |    66 |   130 ||   234

Table legend: (Time is in decaauts)
 A = Elapsed time spent in this place.
 B = Non-inter-level travel time spent in this place.
 C = Inter-level travel time spent in this place.
 D = Time resting spent in this place.
 E = Time spent auto-exploring this place.
 F = Levels seen in this place.
 G = Mean time per level.
                   A        B        C        D        E       F      G
               +--------+--------+--------+--------+--------+-----+--------+
         Total |   6473 |   6302 |    171 |    645 |   4516 |   7 |  924.7 |
       Dungeon |   5758 |   5587 |    171 |    235 |   4397 |   6 |  959.7 |
       Ossuary |    714 |    714 |      0 |    410 |    119 |   1 |  714.0 |
               +--------+--------+--------+--------+--------+-----+--------+

Top non-repeatable levels by time:
     D:4: 1353 daAuts
     D:5: 1314 daAuts
     D:3: 1095 daAuts
     D:2: 943 daAuts
     D:1: 886 daAuts
 Ossuary: 714 daAuts
     D:6: 166 daAuts
